 Dungeon Crawl Stone Soup version 0.27.1-34-g3ba077fa99 (webtiles) character file.

Game seed: 2908164613659877040

156 mtoz the Covered (level 5, 0/41 HPs)
             Began as a Gnoll Wanderer on Jan 4, 2022.
             Succumbed to an adder's poison
             ... on level 3 of the Dungeon.
             The game lasted 00:10:45 (3059 turns).

mtoz the Covered (Gnoll Wanderer)                   Turns: 3059, Time: 00:10:45

Health: 0/41       AC:  7    Str: 11    XL:     5   Next: 37%
Magic:  5/9        EV:  9    Int: 13    God:
Gold:   115        SH:  0    Dex: 11    Spells: 9/10 levels left

rFire    . . .     SeeInvis .   a - +2 hand axe
rCold    . . .     Faith    .   (no shield)
rNeg     . . .     Spirit   +   d - +0 scale mail
rPois    .         Reflect  .   (no helmet)
rElec    .         Harm     .   (no cloak)
rCorr    .         Rampage  .   (no gloves)
Will     .....                  (no boots)
Stlth    ..........             t - amulet of guardian spirit
HPRegen  0.13/turn              (no ring)
MPRegen  0.11/turn              (no ring)

@: lethally poisoned (0 -> -1), about to teleport
A: fangs 1, strong nose, distributed training
a: no special abilities


You were on level 3 of the Dungeon.
You visited 1 branch of the dungeon, and saw 4 of its levels.

You collected 115 gold pieces.

Inventory:

Hand Weapons
 a - a +2 hand axe (weapon)
 c - a +0 club
 e - a +0 short sword
 f - a +0 dagger
 g - a +0 whip
 h - a +0 short sword
 l - a +2 dagger of venom
 o - a +0 whip
 p - a +2 short sword of speed
 q - a +0 dagger
 r - a +0 spear
 u - a +0 club
Armour
 d - a +0 scale mail (worn)
Jewellery
 t - an amulet of guardian spirit (around neck)
Wands
 s - a wand of digging (4)
Scrolls
 b - a scroll of vulnerability {unknown}
Potions
 k - a potion of heal wounds {unknown}
 v - a potion of haste {unknown}


   Skills:
 + Level 3.0 Fighting
 + Level 1.4 Short Blades
 + Level 1.4 Long Blades
 + Level 4.8 Axes
 + Level 1.4 Maces & Flails
 + Level 1.4 Polearms
 + Level 1.4 Staves
 + Level 1.4 Slings
 + Level 1.4 Bows
 + Level 1.4 Crossbows
 + Level 3.0 Throwing
 + Level 4.8 Armour
 + Level 1.4 Dodging
 + Level 1.4 Stealth
 + Level 3.0 Shields
 + Level 1.4 Unarmed Combat
 + Level 3.1 Spellcasting
 + Level 1.1 Conjurations
 + Level 1.1 Hexes
 + Level 1.1 Summonings
 + Level 3.9 Necromancy
 + Level 1.1 Translocations
 + Level 1.1 Transmutations
 + Level 1.1 Fire Magic
 + Level 1.1 Ice Magic
 + Level 1.1 Air Magic
 + Level 1.1 Earth Magic
 + Level 1.1 Poison Magic
 + Level 1.6 Invocations
 + Level 1.4 Evocations


You had 9 spell levels left.
You knew the following spells:

 Your Spells              Type           Power      Damage    Failure   Level
a - Apportation           Tloc           10%        N/A       58%         1

Your spell library contained the following spells:

 Spells                   Type           Power      Damage    Failure   Level
 Slow                     Hex            5%         N/A       73%         2
 Confusing Touch          Hex            5%         N/A       91%         3
 Gell's Gravitas          Tloc           2%         N/A       91%         3
 Alistair's Intoxication  Tmut/Pois      3%         N/A       100%        5
 Borgnjor's Vile Clutch   Necr/Erth      4%         N/A       100%        5
 Yara's Violent Unravell  Hex/Tmut       2%         3d3       100%        5
 Eringya's Noxious Bog    Tmut/Pois      2%         N/A       100%        6


Dungeon Overview and Level Annotations

Branches:
Dungeon (4/15)
 Temple: D:4-7

Altars:
Wu Jian

Annotations:
D:3 1 runed translucent door, vvlvvlvvl's ghost, amateur OgBe


Innate Abilities, Weirdness & Mutations

You have very sharp teeth.
Your uncanny sense of smell can sniff out nearby items.
Your experience applies equally to all skills.


Message History

The adder bites you but does no damage.
You hit the adder.
The adder is lightly wounded.
You feel sick. The adder bites you.
You are more poisoned.
The adder poisons you! The adder bites you.
You are more poisoned.
The adder poisons you!
You hit the adder. Your bite misses the adder.
The adder is moderately wounded.
You feel very sick. The adder barely misses you.
You completely miss the adder.
The adder is moderately wounded.
You feel sick. The adder bites you.
* * * LOW HITPOINT WARNING * * *
You hit the adder. Your bite misses the adder.
The adder is heavily wounded.
* * * LOW HITPOINT WARNING * * *
You feel sick.
The adder bites you but does no damage. x2
* * * LOW HITPOINT WARNING * * *
You feel sick.
There is a stone staircase leading up, spattered with blood here.
* * * LOW HITPOINT WARNING * * *
You feel sick. The adder bites you.
* * * LOW HITPOINT WARNING * * *
You climb upwards.
Level annotation: 1 runed translucent door, vvlvvlvvl's ghost, amateur OgBe
* * * LOW HITPOINT WARNING * * *
You feel sick.
There is a stone staircase leading down here.
Okay, then.
As you read the scroll of teleportation, it crumbles to dust.
You feel strangely unstable.
* * * LOW HITPOINT WARNING * * *
You feel sick. The adder misses you.
You are no longer corroded.
* * * LOW HITPOINT WARNING * * *
You feel sick. The adder bites you but does no damage.
You die...

#.....##.#...###### #.########≈≈≈
###.#.#.......# #####.#....≈..≈
#.#.####..#.#####..≈..#.......≈
#.#.......#'PP.#...≈..#.....≈≈≈
###(#..#####.≈♣≈.....≈..#.......≈
..#.#......#.P≈♣....#≈#.#.......≈
..#.#....#.#.≈≈♣≈...#≈#.#.......#
..#.#....'.#..≈.....#≈#.#........
..#.#....###..S.@...###....≈≈≈≈≈≈
..#.#....# #.......#.......≈.....
.........###.......#.......≈.#.##
.^............###..........≈.#...
.##....##...### ##....#....≈.#._.
..≈.........#### ###.##....≈.#...
≈≈≈≈#......÷...#####.##....≈.###.
...≈≈≈.....[...##..........≈.(...
.####.....<#...##.##.###...≈≈≈.≈≈


You could see an adder.

Vanquished Creatures
  A jelly (D:4)
  Ijyb (D:3)
  An iguana (D:4)
  An adder (D:3)
  A worm (D:3)
  A dart slug (D:3)
  3 orcs (D:3)
  5 endoplasms
  5 giant cockroaches
  4 goblins (D:1)
  6 hobgoblins
  4 jackals (D:3)
  2 quokkas (D:1)
  6 ball pythons
  8 bats
  2 frilled lizards
  4 kobolds
  5 rats
60 creatures vanquished.

Vanquished Creatures (others)
  4 plants (D:3)
4 creatures vanquished.

Grand Total: 64 creatures vanquished

Notes
Turn   | Place    | Note
-------+----------+-------------------------------------------
     0 | D:1      | mtoz the Gnoll Wanderer began the quest for the Orb.
     0 | D:1      | mtoz set off with the following items: a +2 hand axe, a +0
                  | ring mail; and the following spell memorised: Apportation;
                  | and the following spells available to memorise: Gell's
                  | Gravitas
     0 | D:1      | Reached XP level 1. HP: 17/17 MP: 4/4
    69 | D:1      | Reached XP level 2. HP: 22/23 MP: 5/5
   138 | D:1      | Found a faded altar of an unknown god.
   903 | D:2      | Reached XP level 3. HP: 17/28 MP: 7/7
  1233 | D:2      | Reached skill level 1 in Invocations
  1523 | D:3      | Noticed Ijyb
  1538 | D:3      | Killed Ijyb
  1539 | D:3      | Reached skill level 1 in Short Blades
  1539 | D:3      | Reached skill level 1 in Long Blades
  1539 | D:3      | Reached skill level 1 in Maces & Flails
  1539 | D:3      | Reached skill level 1 in Polearms
  1539 | D:3      | Reached skill level 1 in Staves
  1539 | D:3      | Reached skill level 1 in Slings
  1539 | D:3      | Reached skill level 1 in Bows
  1539 | D:3      | Reached skill level 1 in Crossbows
  1539 | D:3      | Reached skill level 1 in Dodging
  1539 | D:3      | Reached skill level 1 in Stealth
  1539 | D:3      | Reached skill level 1 in Unarmed Combat
  1539 | D:3      | Reached skill level 1 in Evocations
  1539 | D:3      | Reached XP level 4. HP: 26/34 MP: 8/8
  1959 | D:3      | Found an ornate altar of the Wu Jian Council.
  1994 | D:3      | Found a runed translucent door.
  1997 | D:3      | Noticed vvlvvlvvl's ghost (amateur OgBe)
  2354 | D:3      | Reached skill level 1 in Conjurations
  2354 | D:3      | Reached skill level 1 in Hexes
  2354 | D:3      | Reached skill level 1 in Summonings
  2354 | D:3      | Reached skill level 1 in Translocations
  2354 | D:3      | Reached skill level 1 in Transmutations
  2354 | D:3      | Reached skill level 1 in Fire Magic
  2354 | D:3      | Reached skill level 1 in Ice Magic
  2354 | D:3      | Reached skill level 1 in Air Magic
  2354 | D:3      | Reached skill level 1 in Earth Magic
  2354 | D:3      | Reached skill level 1 in Poison Magic
  2900 | D:4      | Reached XP level 5. HP: 25/40 MP: 4/9
  3056 | D:3      | HP: 2/41 [poisoned by an adder]
  3059 | D:3      | Succumbed to an adder's poison

Illustrated notes

Levels and vault maps discovered:
D:1:      elethiomel_arrival_quiet, layout_loops_ring,
          hellmonk_ecumenical_altar_pennies_from_heaven, amethyst_killhole
D:2:      layout_basic
D:3:      wad_lake_hut, layout_basic, mainiacjoe_overflow_brackets,
          serial_rivers, chequers_serial_rivers_micro_b,
          chequers_serial_rivers_small_a, chequers_serial_rivers_micro_e,
          chequers_serial_rivers_large_a, ebering_ghost_sewer_d,
          serial_bayou_pond_d, serial_park_tiny_1, uniq_ijyb
D:4:      layout_rooms, nemelex_diamond_rough_becter,
          nicolae_hepliaklqana_hippocampus, minmay_temple_entry_overgrown

Skill      XL: |  1  2  3  4  5 |
---------------+----------------+-----
Invocations    | 1 |  1.6
Short Blades   | 1 |  1.4
Long Blades    | 1 |  1.4
Maces & Flails | 1 |  1.4
Polearms       | 1 |  1.4
Staves         | 1 |  1.4
Slings         | 1 |  1.4
Bows           | 1 |  1.4
Crossbows      | 1 |  1.4
Dodging        | 1 |  1.4
Stealth        | 1 |  1.4
Unarmed Combat | 1 |  1.4
Evocations     | 1 |  1.4
Spellcasting   | 3 |  3.1
Conjurations   | 1 |  1.1
Hexes          | 1 |  1.1
Summonings     | 1 |  1.1
Translocations | 1 |  1.1
Transmutations | 1 |  1.1
Fire Magic     | 1 |  1.1
Ice Magic      | 1 |  1.1
Air Magic      | 1 |  1.1
Earth Magic    | 1 |  1.1
Poison Magic   | 1 |  1.1
Fighting       | 3 |  3.0
Throwing       | 3 |  3.0
Shields        | 3 |  3.0
Axes           | |  4.8
Armour         | |  4.8
Necromancy     | |  3.9

Action                   |  1- 3 |  4- 6 || total
-------------------------+-------+-------++-------
Melee: Hand axe          |   103 |   122 ||   225
       Bite              |     2 |    12 ||    14
  Use: Scroll            |       |     3 ||     3
Armor: Scale mail        |    52 |    34 ||    86
       Ring mail         |     5 |       ||     5
Dodge: Dodged            |    45 |    44 ||    89
